 Dungeon Crawl Stone Soup version 0.10.4 character file.

1138 Jannitor the Skirmisher (level 7, 0/53 HPs)
             Began as a Demonspawn Chaos Knight on Aug 23, 2017.
             Was a Plaything of Xom.
             Slain by an orc
             ... wielding a +0,+2 orcish hand axe of flaming
              (6 damage)
             ... on Level 4 of the Dungeon on May 20, 2018.
             The game lasted 00:29:02 (8025 turns).

Jannitor the Skirmisher (Demonspawn Chaos Knight)   Turns: 8025, Time: 00:29:02

HP   0/53        AC  8     Str 12      XL: 7   Next: 52%
MP   7/7         EV  9     Int 13      God: Xom
Gold 323         SH  0     Dex 15      Spells:  2 memorised,  3 levels left

Res.Fire  : . . .   See Invis. : .   a - +2 mace
Res.Cold  : + . .   Warding    : . . e - +2 orc ring mail
Life Prot.: . . .   Conserve   : .   (no shield)
Res.Acid. : . . .   Res.Corr.  : .   (no helmet)
Res.Poison: .       Clarity    : .   (no cloak)
Res.Elec. : .       Spirit.Shd : .   (no gloves)
Sust.Abil.: . .     Stasis     : .   (no boots)
Res.Mut.  : .       Ctrl.Telep.: .   k - amulet of rage
Res.Rott. : .       Levitation : .   (no ring)
Saprovore : . . .   Ctrl.Flight: .   (no ring)

@: slightly resistant to hostile enchantments, fairly stealthy
A: blink 1, cold resistance 1, conserve potions, nightstalker 1, slow metabolism
2, Str -1, Dex +1
a: Blink, Renounce Religion, Evoke Berserk Rage


You were on level 4 of the Dungeon.
You worshipped Xom.
You were a special plaything of Xom.
You were hungry.

You visited 1 branch of the dungeon, and saw 6 of its levels.

You collected 303 gold pieces.

Inventory:

Hand weapons
 a - a +2,+2 mace (weapon)
 u - a +0,+0 orcish mace of draining
 B - a +2,+2 orcish spear
 C - a +2,+2 orcish spear
 G - a +2,+2 orcish spear (quivered)
 Q - a +2,+2 orcish spear
Missiles
 z - 4 steel +0 darts
 A - 15 +0 darts of flame
Armour
 b - a +2 leather armour
 e - a +2 orcish ring mail (worn)
 l - a +0 large shield
Magical devices
 g - a wand of draining (0) {god gift}
 y - a wand of polymorph other (11)
Comestibles
 c - 2 bread rations
 d - 2 pears
 h - a rambutan
 m - 2 rotting chunks of hound flesh
 s - a meat ration
Scrolls
 f - a scroll of magic mapping
 p - 2 scrolls of identify {unknown}
 x - 2 scrolls of remove curse
Jewellery
 k - an amulet of rage (around neck)
 q - an uncursed amulet of the gourmand
 N - an uncursed amulet of conservation {unknown}
Potions
 i - a potion of resistance
 r - 3 potions of curing
 t - a potion of restore abilities
 H - a potion of slowing
Books
 j - a book of Party Tricks {god gift}

   Spells                             Type                      Level
   Summon Butterflies                 Summoning                    1
   *Apportation                       Translocation                1
   Projected Noise                    Hexes                        2
   Blink                              Translocation                2
   Alistair's Intoxication            Transmutation/Poison         4
 n - a book of Minor Magic

   Spells                             Type                      Level
   Magic Dart                         Conjuration                  1
   Blink                              Translocation                2
   Call Imp                           Summoning                    2
   *Repel Missiles                    Charms/Air                   2
   Slow                               Hexes                        2
   Conjure Flame                      Conjuration/Fire             3
   Mephitic Cloud                     Conjuration/Poison/Air       3
Magical staves
 F - a +3 rod of demonology (12/12) {god gift}
   (Xom gifted it to you on level 3 of the Dungeon)


   Skills:
 + Level 5.4 Fighting
 + Level 5.0 Maces & Flails
 - Level 1.8 Throwing
 + Level 4.6 Armour
 - Level 0.8 Dodging
 + Level 4.1 Evocations


You had 3 spell levels left.
You knew the following spells:

 Your Spells              Type           Power        Failure   Level  Hunger
a - Apportation           Tloc           #.........   73%         1    Choko
b - Repel Missiles        Air/Chrm       #.........   90%         2    Choko

Dungeon Overview and Level Annotations

Branches:
Dungeon (6/27)
 Temple: D:4-7          Orc: D:6-11

Altars:
Cheibriados

Annotations
D:5 Fv001's ghost, average DsFi
D:6 Somebody's ghost, experienced MiHu


Innate Abilities, Weirdness & Mutations

Your flesh is cold resistant.
You are very good at protecting items from cold.
You are slightly more attuned to the shadows.
You can translocate small distances at will.
You are clumsy (Dex -1).
Your muscles are very flexible, but weak (Str -2, Dex +2).
You have a slow metabolism.
Your muscles are strong (Str +1).


Message History

The orc hits you with a runed orcish hand axe.
* * * LOW HITPOINT WARNING * * *
The orc burns you.
* * * LOW HITPOINT WARNING * * *
The orc hits you but does no damage.
There is a stone staircase leading up here.
Okay, then.
The orc hits you but does no damage.
You climb upwards.
There is a stone staircase leading down here.
Unknown command.
You closely miss the orc.
The orc hits you with an orcish hand axe of flaming!
* * * LOW HITPOINT WARNING * * *
The orc burns you.
* * * LOW HITPOINT WARNING * * *
You hit the orc but do no damage.
The orc hits you with an orcish hand axe of flaming.
You die... "Boring in life, boring in death..."

### #.# #.# #.#
#.#############
#.............#
#####..##########.#
#..o...............
#.@###.##########.#
########..# #.# ##.......#
#.....##..###.###.........
#.###.##..................
#.# #.##.......#...#######
#.# #....)................
#.# #..#.......#...#######
#.# #..##.#........##.....
#.# #..##.#.####..###...##


You could see an orc.

Vanquished Creatures
  A raven (D:5)
  A sky beast (D:5)
  A crimson imp (D:4)
  4 hounds
  A hound skeleton (D:3)
  An orc wizard (D:4)
  An orc priest (D:5)
  5 adders
  3 gnolls (D:3)
  An iguana (D:4)
  2 giant mites
  A shadow imp (D:5)
  9 green rats
  3 worms
  2 oozes (D:3)
  14 orcs
  3 ball pythons (D:4)
  10 bats
  8 giant cockroaches
  15 goblins
  14 hobgoblins
  2 jackals (D:6)
  4 quokkas
  4 giant geckos
  A giant gecko skeleton (D:5)
  8 giant newts
  A hobgoblin zombie (D:5)
  7 kobolds
  A kobold skeleton (D:4)
  22 rats
  A rat zombie (D:5)
  3 toadstools
154 creatures vanquished.

Vanquished Creatures (collateral kills)
  The ghost of bierdeckelkanne the Cleaver, an average MiBe of Trog (D:4)
  An orc (D:4)
2 creatures vanquished.

Vanquished Creatures (others)
  A goblin (D:3)
  A rat (D:5)
  5 toadstools
7 creatures vanquished.

Grand Total: 163 creatures vanquished

Notes
Turn   | Place    | Note
--------------------------------------------------------------
     0 | D:1      | Jannitor, the Demonspawn Chaos Knight, began the quest for the Orb.
     0 | D:1      | Reached XP level 1. HP: 16/16 MP: 1/1
    59 | D:1      | XOM: miscast effect
   119 | D:1      | XOM: polymorph goblin -> orc
   198 | D:1      | XOM: give mutations
   198 | D:1      | Gained mutation: Your muscles are strong (Str +1).
   198 | D:1      | Gained mutation: Your muscles are flexible, but weak (Str -1, Dex +1).
   198 | D:1      | Gained mutation: Your muscles are strong (Str +2).
   315 | D:1      | Reached XP level 2. HP: 12/22 MP: 2/2
   336 | D:1      | XOM: god gift: jewelled bone wand
   994 | D:1      | XOM is BORED!
   994 | D:1      | XOM: give mutation
   994 | D:1      | Gained mutation: You are clumsy (Dex -1).
  1334 | D:2      | XOM: stat loss: -2 Int (11/13)
  1493 | D:2      | XOM: give mutation
  1493 | D:2      | Gained mutation: You can translocate small distances at will.
  1573 | D:2      | XOM: miscast effect
  1593 | D:3      | Gained mutation: Your flesh is cold resistant.
  1593 | D:3      | Reached XP level 3. HP: 28/28 MP: 3/3
  1593 | D:3      | XOM: miscast effect
  1821 | D:3      | Reached skill level 4 in Fighting
  1821 | D:3      | Reached skill level 1 in Evocations
  2060 | D:3      | Reached XP level 4. HP: 21/35 MP: 4/4
  2232 | D:3      | Reached XP level 3. HP: 4/28 MP: 3/3
  2247 | D:3      | Reached XP level 4. HP: 5/35 MP: 4/4
  3307 | D:3      | Found a snail-covered altar of Cheibriados.
  3491 | D:3      | Reached skill level 1 in Throwing
  3496 | D:3      | Reached XP level 5. HP: 38/40 MP: 5/5
  3563 | D:3      | XOM: stat loss: -3 Dex (11/14)
  3702 | D:3      | XOM: god gift: gnarled glowing rod {god gift}
  3709 | D:3      | HP: 2/40 [poisoned by a kobold]
  3882 | D:3      | XOM: god gift: gluggy cyan potion
  3933 | D:3      | Identified a +3 rod of demonology (12/12) {god gift} (Xom gifted it to you on level 3 of the Dungeon)
  3983 | D:4      | XOM: confuse monster(s)
  4024 | D:4      | XOM: miscast effect
  4345 | D:4      | XOM: miscast effect
  4424 | D:4      | XOM: miscast effect
  5206 | D:4      | XOM: cast spell 'Detect Creatures'
  5327 | D:4      | XOM: cast spell 'Beastly Appendage'
  5509 | D:4      | Noticed bierdeckelkanne's ghost (average MiBe)
  5524 | D:4      | Killed bierdeckelkanne's ghost
  5524 | D:4      | Gained mutation: You are very good at protecting items from cold.
  5524 | D:4      | Gained mutation: You are slightly more attuned to the shadows.
  5524 | D:4      | Reached XP level 6. HP: 36/47 MP: 6/6
  5545 | D:5      | Entered Level 5 of the Dungeon
  6049 | D:5      | Reached skill level 5 in Fighting
  6198 | D:5      | XOM: draining
  6613 | D:4      | XOM: cast spell 'Summon Butterflies'
  6673 | D:4      | XOM: give mutations
  6673 | D:4      | Gained mutation: Your mind is acute (Int +1).
  6673 | D:4      | Gained mutation: You have a slow metabolism.
  6673 | D:4      | Gained mutation: Your muscles are very flexible, but weak (Str -2, Dex +2).
  6673 | D:4      | Gained mutation: You have a slow metabolism.
  6693 | D:4      | XOM: god gift: 52 gold pieces
  6743 | D:5      | Reached XP level 7. HP: 33/53 MP: 7/7
  7023 | D:5      | Noticed Fv001's ghost (average DsFi)
  7047 | D:5      | XOM: god gift: oblong hardcover book {god gift}
  7059 | D:4      | Learned a level 1 spell: Apportation
  7067 | D:4      | Learned a level 2 spell: Repel Missiles
  7455 | D:6      | XOM: give mutations
  7455 | D:6      | Lost mutation: Your mind is acute (Int +1).
  7455 | D:6      | Lost mutation: Your muscles are strong (Str +2).
  7483 | D:6      | Noticed Somebody's ghost (experienced MiHu)
  7575 | D:5      | XOM: polymorph sky beast -> raven
  7587 | D:5      | Reached skill level 5 in Maces & Flails
  7590 | D:5      | XOM: god gift: 22 gold pieces
  7815 | D:5      | XOM: miscast effect
  7972 | D:5      | XOM: miscast effect
  7992 | D:5      | XOM: miscast effect
  8025 | D:4      | Slain by an orc
